[Event "Late-Titled-Tuesday-Blitz-July-09-2024"]
[Site "Chess.com"]
[Date "2024.07.09"]
[Round "10"]
[White "Millerkallpa"]
[Black "TioCridineno"]
[Result "0-1"]
[WhiteElo "2253"]
[BlackElo "2441"]
[TimeControl "180+1"]
[EndTime "15:54:11 PDT"]
[Termination "TioCridineno won on time"]

1. e4 c5 2. Nf3 Nc6 3. d4 cxd4 4. Nxd4 Nf6 5. Nc3 e5 6. Ndb5 d6 7. Bg5 a6 8. Bxf6 gxf6 9. Na3 b5 10. Nd5 f5 11. Bd3 Be6 12. Qf3 f4 13. g3 Nd4 14.
Qh5 Rg8 15. gxf4 Bg4 16. Qxh7 Nf3+ 17. Kf1 Rg6 18. Nxb5 axb5 19. Bxb5+ Bd7 20. Bc4 Nd2+ 21. Ke2 Nxc4 22. Rhg1 Rh6 23. Qg8 exf4 24. Rg7 Be6 25. Rag1 Ne5 26. Qxf8+ Kd7 27. Qxd8+ Rxd8 28. Nxf4 Rxh2 29.
Rd1 Bc4+ 30. Ke3 Be6 31. b3 Ra8 32. a4 Ke7 33. Nd5+ Bxd5 34. Rxd5 Rh3+ 35. Ke2 Rc8 36. Rd2 Ng6 37. Kf1 Rc6 38. Kg2 Rhc3 39. Rd5 Rxc2 40. Rb5 Rc7 41. a5 Kf6 42. Rg8 Nf4+ 43. Kf3 Ne6 44.
a6 Nd4+ 45. Ke3 Nxb5 0-1

[Event "Late-Titled-Tuesday-Blitz-July-09-2024"]
[Site "Chess.com"]
[Date "2024.07.09"]
[Round "10"]
[White "rpragchess"]
[Black "temus_galaktionov"]
[Result "0-1"]
[WhiteElo "3078"]
[BlackElo "2856"]
[TimeControl "180+1"]
[EndTime "15:54:12 PDT"]
[Termination "temus_galaktionov won by resignation"]

1. d4 g6 2. e4 Bg7 3. Bc4 c6 4. Bb3 d5 5. e5 Bf5 6. Ne2 a5 7. a4 f6 8. Ng3 Be6 9. exf6 exf6 10. O-O Ne7 11. Re1 Qd7 12. Qe2 Kf7 13. c4 Re8 14.
Nc3 Na6 15. Bd2 Nb4 16. cxd5 Nexd5 17. Nce4 b6 18. Bxb4 axb4 19. h3 h6 20. Qf3 f5 21.
Nd2 Bxd4 22. Rad1 Bf6 23. Nc4 Qc7 24. Rc1 Kg7 25. Ne3 Qd6 26. Red1 Rad8 27. Rd2 Bg5 28. Re1 Qc5 29. Rc2 Qd6 30. Nc4 Qc7 31. Ne5 c5 32.
Rce2 Nf4 33. Bxe6 Rxe6 34. h4 Nxe2+ 35. Rxe2 Rxe5 36. hxg5 hxg5 37. b3 Rd7 38. Nf1 Rxe2 39. Qxe2 Qd6 40. g3 f4 41. Qe4 Qf6 42. Nh2 fxg3 43. fxg3 Re7 44. Qc6 Qxc6 0-1

[Event "Late-Titled-Tuesday-Blitz-July-09-2024"]
[Site "Chess.com"]
[Date "2024.07.09"]
[Round "10"]
[White "GulamaliRises"]
[Black "Bkmzzzzz"]
[Result "1-0"]
[WhiteElo "2637"]
[BlackElo "2412"]
[TimeControl "180+1"]
[EndTime "15:54:12 PDT"]
[Termination "GulamaliRises won by checkmate"]

1. e4 d6 2. d4 Nf6 3. Nc3 e5 4. Nge2 Nbd7 5. g3 Be7 6. Bg2 O-O 7. O-O c6 8. a4 b6 9. a5 b5 10.
d5 cxd5 11. exd5 a6 12. h3 Bb7 13. Be3 Rc8 14. Qd2 Ne8 15. g4 f5 16. gxf5 Rxf5 17.
f4 exf4 18. Bxf4 Bg5 19. Bxg5 Rxg5 20. Nf4 Nc7 21. Ne4 Ne5 22. Nxg5 Qxg5 23. Rad1 Qg3 24. Qf2 Qg5 25. Ne6 Nxe6 26. dxe6 h6 27. Kh1 Bxg2+ 28. Qxg2 Qxg2+ 29. Kxg2 Rxc2+ 30. Kg3 Rc7 31. Rxd6 Re7 32. Rxa6 Nc4 33. Rf7 Re8 34. Raa7 Rxe6 35. Rxg7+ Kf8 36. Rh7 Rg6+ 37. Kf4 Rf6+ 38. Ke4 Re6+ 39. Kd5 Re5+ 40. Kd4 Kg8 41. Rhg7+ Kf8 42. Rgb7 Re8 43. Rh7 Kg8 44.
Rag7+ Kf8 45. a6 Nxb2 46. a7 Na4 47. Rb7 Kg8 48. Rhg7+ Kh8 49. Rgf7 h5 50. Rfe7 Rd8+ 51. Red7 Rc8 52. Rb8 Rxb8 53. axb8=Q# 1-0

[Event "Late-Titled-Tuesday-Blitz-July-09-2024"]
[Site "Chess.com"]
[Date "2024.07.09"]
[Round "10"]
[White "Javokhir_Sindarov05"]
[Black "Vladimir_Zakhartsov"]
[Result "1/2-1/2"]
[WhiteElo "3063"]
[BlackElo "2911"]
[TimeControl "180+1"]
[EndTime "15:54:15 PDT"]
[Termination "Game drawn by repetition"]

1. e4 c5 2. Nf3 d6 3. d4 cxd4 4. Nxd4 Nf6 5. Bd3 Nc6 6. Be3 g6 7. h3 Bg7 8. c4 Nd7 9. Be2 Qb6 10. Nb5 Nc5 11. N1c3 Be6 12. Nd5 Bxd5 13. exd5 a6 14. dxc6 axb5 15. b4 Bc3+ 16. Kf1 Bxb4 17. cxb5 O-O 18. Qd4 Qa5 19. cxb7 Nxb7 20. Rd1 Bc5 21.
Qe4 Bxe3 22. Qxe3 e6 23. h4 Qxa2 24. h5 Qb2 25. hxg6 hxg6 26. g3 Ra3 27. Qh6 Qg7 28. Qf4 Ra2 29. Bf3 d5 30. Kg2 Nc5 31. Rh2 Rb2 32.
Qh4 Rb8 33. Rdh1 R2xb5 34. Qf4 Nd3 35. Rh8+ Qxh8 36. Rxh8+ Kxh8 37. Qxf7 Rb2 38. Qf6+ Kh7 39. Qe7+ Kh8 40. Qf6+ Kh7 41. Qe7+ Kh8 42. Qf6+ 1/2-1/2

[Event "Late-Titled-Tuesday-Blitz-July-09-2024"]
[Site "Chess.com"]
[Date "2024.07.09"]
[Round "10"]
[White "IngOscarArdila"]
[Black "ritanovikova"]
[Result "0-1"]
[WhiteElo "2269"]
[BlackElo "2158"]
[TimeControl "180+1"]
[EndTime "15:54:16 PDT"]
[Termination "ritanovikova won on time"]

1. d4 e5 2. dxe5 Nc6 3. Nf3 Qe7 4. e3 Nxe5 5. Be2 Nxf3+ 6. Bxf3 Nf6 7. O-O c6 8. c4 d6 9. Nc3 Be6 10. b3 Qc7 11.
Bb2 Be7 12. Qc2 O-O 13. Rfd1 Rac8 14. e4 Nd7 15. Ne2 Bf6 16. Nd4 a5 17. Nxe6 fxe6 18. Bg4 Nc5 19. Bxf6 Rxf6 20. a3 Rcf8 21. Rd2 Rf4 22. Bf3 e5 23. Rad1 R8f6 24. b4 axb4 25. axb4 Ne6 26. Rxd6 Nd4 27. R6xd4 exd4 28. Rxd4 g6 29.
Qd3 Rf7 30. h3 Kg7 31. c5 Qe5 32. Rd6 Qg5 33. Kh2 h5 34. Qc3+ Kh6 35. e5 Qf5 36. e6 Re7 37. Qe3 g5 38. Rd7 Qf6 39. Rxe7 Qxe7 40. Be2 Rf6 41. Bc4 h4 42. Qe5 Kh7 43.
Qd6 Qe8 44. Bd3+ Kg8 45. Bc4 Kg7 46. Qe5 Qe7 47. Qxg5+ Kf8 48. Qe5 Rxf2 49. Qd6 Qxd6+ 50. cxd6 Rd2 51. e7+ Ke8 0-1

[Event "Late-Titled-Tuesday-Blitz-July-09-2024"]
[Site "Chess.com"]
[Date "2024.07.09"]
[Round "10"]
[White "WildTricks"]
[Black "Seochesspie"]
[Result "0-1"]
[WhiteElo "2728"]
[BlackElo "2949"]
[TimeControl "180+1"]
[EndTime "15:54:17 PDT"]
[Termination "Seochesspie won on time"]

1. e4 c5 2. Nf3 Nc6 3. Bb5 g6 4. O-O Bg7 5. c3 Nf6 6. Re1 O-O 7. h3 a6 8. Bxc6 dxc6 9. d4 cxd4 10. cxd4 Nd7 11. Nc3 b5 12. Bg5 h6 13. Bh4 Bb7 14. Qd2 g5 15. Bg3 c5 16. d5 Nb6 17. h4 Nc4 18.
Qe2 g4 19. Nh2 h5 20. Rac1 Ne5 21. f3 gxf3 22. gxf3 c4 23. f4 Nd3 24. Qxh5 Nxc1 25. Rxc1 Qb6+ 26. Kh1 Qg6 27. Qf3 f5 28. e5 Rad8 29.
Rd1 e6 30. a3 exd5 31. Bf2 d4 32. Qxb7 dxc3 33. Rg1 Qf7 34. Qxf7+ Kxf7 35. bxc3 Rfe8 36.
Nf3 Rd3 37. Nd4 Bh6 38. Nxf5 Re6 39. Nd4 Re8 40. Bg3 Rxc3 41. Nf5 Bf8 0-1

[Event "Late-Titled-Tuesday-Blitz-July-09-2024"]
[Site "Chess.com"]
[Date "2024.07.09"]
[Round "10"]
[White "Gyulamiryan-koryun"]
[Black "Mariia89"]
[Result "0-1"]
[WhiteElo "1931"]
[BlackElo "2225"]
[TimeControl "180+1"]
[EndTime "15:54:20 PDT"]
[Termination "Mariia89 won on time"]

1. e4 c6 2. Nc3 d5 3. Nf3 dxe4 4. Nxe4 Nf6 5. Ng3 h5 6. h4 Bg4 7. Be2 e6 8. d4 Bd6 9. c3 Qc7 10. Nf1 Nbd7 11. Ne3 c5 12. Nc4 Bf4 13. Nfe5 Bxe5 14. Nxe5 Nxe5 15. dxe5 Qxe5 16. Be3 O-O 17. O-O Rfd8 18.
Qe1 Bxe2 19. Qxe2 Ng4 20. g3 Nxe3 21. Qxe3 Qxe3 22. fxe3 Rd2 23. Rf2 Rad8 24. Raf1 c4 25. Rxd2 Rxd2 26. Rf2 Rd3 27. Re2 e5 28. Kf2 e4 29. Re1 Kf8 30. Ke2 Ke7 31. Rf1 Ke6 32.
a4 a6 33. Rb1 f6 34. Ra1 Kf5 35. Ra3 Kg4 36. b4 Kxg3 37. a5 Kxh4 38. b5 axb5 39. a6 bxa6 40. Rxa6 Rd5 41. Re6 Re5 0-1

[Event "Late-Titled-Tuesday-Blitz-July-09-2024"]
[Site "Chess.com"]
[Date "2024.07.09"]
[Round "10"]
[White "yaguigor"]
[Black "Kombinator01"]
[Result "1-0"]
[WhiteElo "2622"]
[BlackElo "2477"]
[TimeControl "180+1"]
[EndTime "15:54:21 PDT"]
[Termination "yaguigor won by resignation"]

1. Nf3 d5 2. d4 Nf6 3. c4 c5 4. cxd5 cxd4 5. Qxd4 Qxd5 6. Nc3 Qxd4 7. Nxd4 a6 8. g3 e5 9. Nb3 Nc6 10. Bg2 Bd7 11. O-O Bb4 12. Na4 Rd8 13. Nac5 Bc8 14. a3 Bxc5 15. Nxc5 Nd4 16. Nxb7 Nxe2+ 17. Kh1 Nxc1 18.
Raxc1 Bxb7 19. Bxb7 a5 20. Rfe1 O-O 21. Rxe5 Rd2 22.
f3 Rxb2 23. Rc7 Rd8 24. Rc8 Rxc8 25. Bxc8 Rb8 26. Ba6 Ra8 27. Rxa5 Nd7 28. Rd5 Rxa6 29. Rxd7 g6 30. Rd3 Rb6 31. h4 Rb2 32. g4 Ra2 33.
g5 Kg7 34. Re3 h6 35. Kg1 h5 36. Kf1 f6 37. Re7+ Kf8 38. Ra7 fxg5 39. hxg5 h4 40. Kg1 h3 41. Kh1 Kg8 42. a4 Rf2 43. Ra6 Kg7 44. Rf6 Ra2 45. Rf4 Rg2 46. a5 Rxg5 47. Ra4 Rd5 48. a6 Rd8 49. a7 Ra8 50. Kh2 Kf6 51.
Kxh3 Kf5 52. Kg3 Kf6 53. Kg4 Kf7 54. Kg5 Kg7 55. Ra6 Kf7 56. Rf6+ Ke7 57. Rxg6 Kf7 58. Ra6 Kg7 59. f4 Kf7 60. f5 Kg7 61. f6+ Kf7 62. Kf5 Rh8 63. Ke5 Ra8 64. Kd6 Kxf6 65. Kc7+ Ke7 66.
Kb7 Rd8 67. a8=Q 1-0

[Event "Late-Titled-Tuesday-Blitz-July-09-2024"]
[Site "Chess.com"]
[Date "2024.07.09"]
[Round "10"]
[White "Bilan_Danila"]
[Black "merinasian"]
[Result "0-1"]
[WhiteElo "2586"]
[BlackElo "2473"]
[TimeControl "180+1"]
[EndTime "15:54:24 PDT"]
[Termination "merinasian won by resignation"]

1. d4 d6 2. Nf3 Nd7 3. g3 g6 4. Bg2 Bg7 5. O-O e5 6. c4 Ne7 7. Nc3 O-O 8. e4 exd4 9. Nxd4 Nc6 10. Be3 Nde5 11. b3 Ng4 12. Nxc6 Nxe3 13. fxe3 bxc6 14. Rc1 Qg5 15. Qd3 Be6 16. e5 Bxe5 17. Bxc6 Rae8 18.
Ne4 Qe7 19. Bxe8 Rxe8 20. Nc3 h5 21. Nd5 Qg5 22. Nf4 Bf5 23. e4 Bg4 24. h4 Qd8 25. Kg2 Qc8 26. Rf2 c6 27. b4 Re7 28. Rcc2 Qe8 29. b5 Bg7 30. bxc6 Rxe4 31. Nd5 Rd4 32. Qe3 Re4 33. Qd3 Bf5 34. Qf3 Qxc6 35. Ne3 Bg4 36.
Nxg4 hxg4 37. Qxe4 Qxe4+ 38. Kh2 Be5 39. Rce2 Qd3 40.
Rg2 Qxc4 41. Rc2 Qd3 42. Rcd2 Qf3 43. Rb2 Bxb2 44. Rxb2 d5 45. Rb3 Qe2+ 46. Kh1 d4 47.
Rb1 d3 0-1

[Event "Late-Titled-Tuesday-Blitz-July-09-2024"]
[Site "Chess.com"]
[Date "2024.07.09"]
[Round "10"]
[White "PawnEatingZombie"]
[Black "TOCANTINS_TO"]
[Result "1/2-1/2"]
[WhiteElo "2263"]
[BlackElo "2058"]
[TimeControl "180+1"]
[EndTime "15:54:26 PDT"]
[Termination "Game drawn by agreement"]

1. Nf3 c5 2. c4 e6 3. Nc3 Nf6 4. e3 d5 5. d4 cxd4 6. exd4 dxc4 7. Bxc4 Be7 8. O-O a6 9. a3 b5 10. Ba2 Bb7 11. Be3 Nc6 12. Qe2 b4 13. axb4 Nxb4 14.
Bb1 O-O 15. Rd1 Nbd5 16. Ne5 Qb6 17. Nxd5 Bxd5 18. f3 Rfb8 19. Bd3 Qxb2 20. Rxa6 Qxe2 21. Bxe2 Rxa6 22. Bxa6 Rb2 23. Rc1 Ra2 24. Rc8+ Bf8 25. Bf1 h6 26. g4 Ra8 27. Rxa8 Bxa8 28. Kf2 Nd5 29. Nd7 Nxe3 30. Kxe3 Bd6 31. h4 Bc6 32.
Nc5 Kf8 33. h5 Bg3 34. Ne4 Bc7 35. Bc4 Ke7 36. Nc5 f5 37. Nxe6 f4+ 38. Ke2 Bb6 39.
d5 Bd7 40. Nxg7 Kf6 41. Ne6 Bxe6 42. dxe6 Bd8 43. Kd3 Ke5 44. Bb3 Bg5 45. Kc4 Kxe6 46. Kd4+ Kf6 47. Kd5 Ke7 48. Ke5 Kd7 49. Kf5 Kc6 50.
Bc2 Kc5 51. Be4 Kd4 52. Kg6 Ke3 53. Kf5 Kf2 54. Kg6 Ke2 55. Kf5 Kd2 56. Kg6 Kc3 57. Kf5 Kb4 58. Kg6 Kb5 59. Kf5 Kb6 60. Kg6 Kc7 61.
Kf5 Kd8 62. Kg6 Kc7 63. Kf5 Kd6 64. Kg6 Kc5 65. Kf5 Kb4 66. Kg6 Kc3 67. Kf5 Kd2 68.
Kg6 Ke1 69. Kf5 Kf1 70. Kg6 Kf2 71. Kf5 Ke3 72. Kg6 1/2-1/2

[Event "Late-Titled-Tuesday-Blitz-July-09-2024"]
[Site "Chess.com"]
[Date "2024.07.09"]
[Round "10"]
[White "lluiss"]
[Black "JEHUBNER"]
[Result "1-0"]
[WhiteElo "2204"]
[BlackElo "2024"]
[TimeControl "180+1"]
[EndTime "15:54:26 PDT"]
[Termination "lluiss won by checkmate"]

1. Nf3 Nf6 2. d4 d5 3. c4 c6 4. cxd5 cxd5 5. Nc3 e6 6. Bf4 Bd6 7. Bxd6 Qxd6 8. e3 O-O 9. Be2 a6 10. O-O b5 11. a3 Nbd7 12. b4 e5 13. dxe5 Nxe5 14.
Rc1 Bg4 15. Nxe5 Bxe2 16. Nxf7 Qxh2+ 17. Kxh2 Bxd1 18. Rfxd1 Rxf7 19. Kg1 Rd8 20. Rd2 Rfd7 21. Rcd1 Kf7 22. f3 Ke6 23. Kf2 Ke5 24. Rd4 Rc8 25.
R1d3 Rc4 26. Ke2 Rdc7 27. Nxd5 Rc2+ 28. Kf1 Rc1+ 29. Kf2 R7c2+ 30. Kg3 Nh5+ 31. Kh2 Ra1 32. Nf4 Nf6 33. Kg3 Rcc1 34. Nd5 Nh5+ 35. Kg4 Rh1 36. Re4+ Kd6 37. Nf4+ Kc6 38. Nxh5 Rag1 39. g3 g6 40. Nf4 h5+ 41. Kg5 Rxg3+ 42. Kf6 h4 43. Re6+ Kc7 44. Ke7 h3 45. Rd7+ Kc8 46. Rc6+ Kb8 47. Nd5 Rxf3 48. Rb6+ Kc8 49. Rc7# 1-0

[Event "Late-Titled-Tuesday-Blitz-July-09-2024"]
[Site "Chess.com"]
[Date "2024.07.09"]
[Round "10"]
[White "mamey78"]
[Black "ChessBrainiacOnTwitch"]
[Result "1/2-1/2"]
[WhiteElo "2641"]
[BlackElo "2800"]
[TimeControl "180+1"]
[EndTime "15:54:27 PDT"]
[Termination "Game drawn by repetition"]

1. e4 c5 2. Nf3 d6 3. d4 cxd4 4. Nxd4 Nf6 5. Nc3 a6 6. Bg5 Nbd7 7. Qe2 e6 8. O-O-O Qc7 9. f4 Be7 10. g4 h6 11. Bh4 b5 12. a3 Bb7 13. Bg3 Rc8 14. Bg2 Nc5 15. h4 Nfd7 16. g5 Nb6 17. g6 O-O 18. gxf7+ Rxf7 19. Bh3 Rf6 20. e5 dxe5 21.
f5 Bxh1 22. Bxe5 Qd7 23. fxe6 Qe8 24. Rxh1 Nc4 25. Bxf6 Bxf6 26. Nf5 Na4 27. Rg1 Kh8 28. Nxa4 bxa4 29. c3 Ne5 30. Nd6 Qc6 31. Nf7+ Nxf7 32.
exf7 Rf8 33. Be6 Qc5 34. Ba2 Bxc3 35. Rg2 Bf6+ 36. Qc2 Qe3+ 37. Kb1 Qe1+ 38. Qc1 Qe4+ 39. Rc2 Qxh4 40. Rc8 Qe4+ 41. Ka1 Qe7 42. Rxf8+ Qxf8 43. Qe3 g5 44. Qe8 Kg7 45. Qe4 Qe7 46. Qf5 Qe1+ 47.
Bb1 Bxb2+ 48. Kxb2 Qd2+ 49. Ka1 Qd4+ 50. Ka2 Qd2+ 51. Ka1 Qd4+ 52. Ka2 Qd2+ 53. Ka1 1/2-1/2

[Event "Late-Titled-Tuesday-Blitz-July-09-2024"]
[Site "Chess.com"]
[Date "2024.07.09"]
[Round "10"]
[White "KNVB"]
[Black "bob1263"]
[Result "1-0"]
[WhiteElo "2664"]
[BlackElo "2527"]
[TimeControl "180+1"]
[EndTime "15:54:29 PDT"]
[Termination "KNVB won on time"]

1. d4 d5 2. Bf4 Nf6 3. e3 e6 4.
Nf3 Bd6 5. Nbd2 c5 6. c3 O-O 7.
Bd3 Nc6 8. Bg3 Qc7 9. dxc5 Bxg3 10. hxg3 e5 11. e4 Rd8 12. exd5 Rxd5 13. Qe2 Rxc5 14. Ne4 Nxe4 15. Qxe4 g6 16. Ng5 h5 17. Rxh5 gxh5 18. Qh7+ Kf8 19. Bg6 Nd8 20. Qh8+ Ke7 21. Ne4 Rd5 22.
Qf6+ Kf8 23. Qh8+ Ke7 24. Qf6+ Kf8 25. Bxh5 Qc6 26. Qh8+ Ke7 27. Bf3 Bf5 28. Qh4+ f6 29. Nxf6 Qxf6 30. Bxd5 Qxh4 31. gxh4 Kf6 32. f3 Ne6 33. g4 Bh7 34. O-O-O Nf4 35. Bxb7 Rb8 36. Be4 Bxe4 37. fxe4 Ke6 38. Kc2 Rh8 39. h5 Rg8 40. Rh1 Rxg4 41. h6 Rg8 42. h7 Rh8 43. c4 Ng6 44. c5 Nf8 45. Rh6+ Kd7 46. Ra6 Rxh7 47.
Rxa7+ Kc6 48. Ra5 Nd7 49. b4 1-0

[Event "Late-Titled-Tuesday-Blitz-July-09-2024"]
[Site "Chess.com"]
[Date "2024.07.09"]
[Round "10"]
[White "Horokoskii"]
[Black "Payyappat"]
[Result "1-0"]
[WhiteElo "2161"]
[BlackElo "2405"]
[TimeControl "180+1"]
[EndTime "15:54:29 PDT"]
[Termination "Horokoskii won on time"]

1. c4 c5 2. Nc3 Nc6 3. g3 Nf6 4. Bg2 g6 5. e3 Bg7 6. Nge2 O-O 7.
O-O e6 8. b3 d5 9. cxd5 exd5 10.
Bb2 Bg4 11. h3 Be6 12. d4 Qd7 13. dxc5 Bxh3 14. Nf4 Bxg2 15. Kxg2 Rad8 16. a3 d4 17. exd4 Nxd4 18. b4 Qc6+ 19. f3 Ng4 20. Re1 Nf5 21. Qc1 Rd3 22. Ncd5 Rxd5 23. Nxd5 Qxd5 24. Bxg7 Kxg7 25.
Qc3+ Kg8 26. Rad1 Qc6 27. Rd3 a6 28. Qc4 h5 29. Qe4 Qxe4 30. Rxe4 Nf6 31. Re1 Rc8 32. Kh3 a5 33. g4 Ng7 34. Re7 Ne6 35. Rd1 axb4 36.
axb4 Ra8 37. Rxb7 Ra3 38. Rf1 hxg4+ 39. Kh2 gxf3 40. c6 Rc3 41. b5 Rc2+ 42. Kg3 Nd4 43. Rd1 Rg2+ 44. Kf4 Rg4+ 45. Ke5 Kg7 46. Rxd4 Rxd4 47.
Kxd4 f2 48. c7 f1=Q 49. c8=Q Qd1+ 50. Ke3 Qe1+ 51. Kf3 Qe4+ 52. Kf2 Ng4+ 53. Kg3 1-0

[Event "Late-Titled-Tuesday-Blitz-July-09-2024"]
[Site "Chess.com"]
[Date "2024.07.09"]
[Round "10"]
[White "Mikhal867"]
[Black "ManMish2"]
[Result "0-1"]
[WhiteElo "2460"]
[BlackElo "2603"]
[TimeControl "180+1"]
[EndTime "15:54:32 PDT"]
[Termination "ManMish2 won by resignation"]

1. c4 e5 2. Nc3 Nc6 3. g3 g6 4.
Bg2 Bg7 5. e3 Nge7 6. Nge2 O-O 7.
Rb1 a5 8. a3 d6 9. d3 Be6 10. Nd5 f5 11. O-O Qd7 12. f4 Bxd5 13.
cxd5 Nd8 14. e4 Nf7 15. Be3 c6 16. a4 cxd5 17. exd5 b5 18. Nc3 bxa4 19. Qxa4 Qxa4 20. Nxa4 exf4 21. gxf4 Nh6 22. h3 Rab8 23. b3 Rb4 24.
Nb6 Bd4 25. Bxd4 Rxd4 26. Nc4 Nxd5 27. Nxa5 Nc3 28. Rb2 Re8 29. b4 Ne2+ 30. Kh2 Nxf4 31. b5 Nxg2 32. Kxg2 Rxd3 33. b6 Rc3 34. b7 Rb8 35. Rb6 Nf7 36. Rh1 Nd8 37. Nc6 Nxc6 38. Rd1 Nd8 39. Rdxd6 Nxb7 40. Rd7 Re3 41. Rbxb7 Rxb7 42. Rxb7 Re6 43. Rc7 Rf6 44. Rd7 Rf7 45. Rd8+ Kg7 46. Rd6 h6 47. Kf3 g5 48. Re6 Rf6 49. Re7+ Kg6 50. Re8 Ra6 51. Rg8+ Kh5 52. Rf8 Ra3+ 53.
Kg2 f4 54. Rh8 Ra2+ 55. Kg1 Rb2 56. Kh1 Kh4 57. Rh7 Kg3 0-1

[Event "Late-Titled-Tuesday-Blitz-July-09-2024"]
[Site "Chess.com"]
[Date "2024.07.09"]
[Round "10"]
[White "rhungaski"]
[Black "FollowRivers"]
[Result "1/2-1/2"]
[WhiteElo "2618"]
[BlackElo "2503"]
[TimeControl "180+1"]
[EndTime "15:54:32 PDT"]
[Termination "Game drawn by repetition"]

1. Nf3 Nf6 2. g3 g6 3. Bg2 Bg7 4. O-O O-O 5. d3 d5 6. Nbd2 c5 7. e4 b6 8. Re1 dxe4 9. dxe4 Bb7 10. Qe2 Nc6 11. c3 a5 12. a4 Ba6 13. Nc4 Nd7 14.
Bf4 Nde5 15. Bxe5 Nxe5 16. Nfxe5 Bxe5 17. f4 Bd4+ 18. Kh1 Bg7 19. e5 Qc7 20. b3 Rad8 21.
Rad1 Kh8 22. h4 f6 23. e6 f5 24. Qf3 Bxc4 25. bxc4 Rxd1 26. Rxd1 Rd8 27. Rd5 Bf6 28. h5 Rd6 29. h6 Qb8 30. Rxd6 exd6 31. g4 fxg4 32.
Qxg4 Qf8 33. Qh3 Be7 34. Qh2 Qf6 35. Bd5 Qh4 36. Qxh4 Bxh4 37. Kg2 Be7 38. f5 gxf5 39. Kf3 Kg8 40. Kf4 Kf8 41. Kxf5 Bh4 42. Bf3 Ke7 43. Bg4 Be1 44. Ke4 Bd2 45. Bf5 Bxh6 46. Kd5 Bg7 47. Bxh7 Bxc3 48. Bf5 Bb4 49. Kc6 Ba3 50. Kxb6 Bb4 51. Kc6 Ba3 52. Kd5 Bb4 53. Kc6 Ba3 54.
Kd5 Bb4 55. Kc6 1/2-1/2

[Event "Late-Titled-Tuesday-Blitz-July-09-2024"]
[Site "Chess.com"]
[Date "2024.07.09"]
[Round "10"]
[White "rionelG"]
[Black "WilsonPalencia21"]
[Result "0-1"]
[WhiteElo "2406"]
[BlackElo "2577"]
[TimeControl "180+1"]
[EndTime "15:54:32 PDT"]
[Termination "WilsonPalencia21 won on time"]

1. e4 c5 2. Nf3 d6 3. d4 cxd4 4. Nxd4 Nf6 5. Nc3 g6 6. Be3 Bg7 7. Be2 O-O 8. f4 Nc6 9. O-O Qb6 10. Na4 Qa5 11. Nc3 Qb6 12. Na4 Qa5 13. Nc3 Nxd4 14. Bxd4 e5 15. fxe5 dxe5 16. Be3 Be6 17. Qe1 Rac8 18.
Kh1 Rxc3 19. bxc3 Nxe4 20. c4 Qxe1 21. Rfxe1 b6 22. Bf3 Nc3 23. c5 e4 24. Bd1 bxc5 25. Bxc5 Rc8 26. Bxa7 Nb5 27. Be2 Nxa7 28. Rab1 Bxa2 29.
Rb7 Nc6 30. c4 Nd4 31. Bf1 Bxc4 32. Rc1 Be6 33. Rxc8+ Bxc8 34. Rb8 Be5 35. Rxc8+ Kg7 36. g3 e3 37. Rc1 e2 38. Bxe2 Nxe2 39. Re1 Nxg3+ 40.
hxg3 Bxg3 41. Rd1 h5 42. Kg2 h4 43. Kf3 f5 44. Rd7+ Kf6 45. Rd8 Be5 46. Kg2 Kg5 47. Rc8 Kg4 48. Re8 Bf4 49. Kh1 g5 50. Re1 Bg3 51. Rd1 f4 52. Rd4 h3 53. Rc4 Bf2 54.
Re4 Kg3 55. Re6 g4 56. Rg6 Kf3 0-1

[Event "Late-Titled-Tuesday-Blitz-July-09-2024"]
[Site "Chess.com"]
[Date "2024.07.09"]
[Round "10"]
[White "slidingknight2775"]
[Black "ExchangeAB"]
[Result "1-0"]
[WhiteElo "2733"]
[BlackElo "2483"]
[TimeControl "180+1"]
[EndTime "15:54:33 PDT"]
[Termination "slidingknight2775 won by resignation"]

1. c4 c6 2. e4 d5 3. exd5 cxd5 4. d4 Nf6 5. Nc3 g6 6. Qb3 Bg7 7. cxd5 O-O 8. Be2 Na6 9. Bf3 Qb6 10. Nge2 Qxb3 11.
axb3 Nb4 12. O-O Rd8 13. Bg5 Nbxd5 14. Nxd5 Nxd5 15. Nc3 Nf6 16. d5 h6 17. Be3 a6 18. h3 Ne8 19. b4 Nd6 20. Bc5 Bf5 21.
Rfe1 Bf6 22. Rad1 Rab8 23. g4 Bc2 24. Rd2 Bb3 25. Ne4 Nxe4 26. Bxe4 b6 27. Be3 Kg7 28. Rc1 a5 29. b5 g5 30. Rc6 Rd6 31. f4 Ba4 32.
fxg5 hxg5 33. Rxd6 exd6 34. Bd3 Bb3 35. Be2 a4 36.
Kf2 Bd8 37. Bd4+ f6 38. Rd3 Rc8 39. Rc3 Rc5 40. Bxc5 dxc5 41. d6 Kf7 42. Bc4+ Bxc4 43. Rxc4 Ke6 44. Rxa4 Kxd6 45. Ke3 Kd5 46. Kd3 Bc7 47.
b3 Bd8 48. Ra7 Kd6 49. Rb7 Ke6 50. Ke4 Kd6 51. Rh7 Ke6 52. Rh8 Be7 53. Rb8 c4 54.
Rxb6+ 1-0

[Event "Late-Titled-Tuesday-Blitz-July-09-2024"]
[Site "Chess.com"]
[Date "2024.07.09"]
[Round "10"]
[White "KebabJangles"]
[Black "ninguno46"]
[Result "1-0"]
[WhiteElo "2404"]
[BlackElo "2561"]
[TimeControl "180+1"]
[EndTime "15:54:33 PDT"]
[Termination "KebabJangles won on time"]

1. d4 Nf6 2. c4 e6 3. g3 Bb4+ 4. Nd2 c5 5. a3 Bxd2+ 6. Qxd2 cxd4 7. Nf3 Nc6 8. Nxd4 O-O 9. Nxc6 bxc6 10. c5 Ne4 11.
Qd4 f5 12. f3 Nf6 13. Bf4 Re8 14. Bd6 Ba6 15. e4 Bxf1 16. Kxf1 Qa5 17. Kg2 Qb5 18.
Rhe1 a5 19. Kf2 fxe4 20. fxe4 e5 21. Qc3 Re6 22. Kg2 Ra7 23. b4 axb4 24. axb4 Rxa1 25. Rxa1 Qe2+ 26. Kh3 Ng4 27. Ra8+ Kf7 28. Qf3+ Qxf3 29. Rf8+ Kg6 30. Rxf3 Nf6 31. Re3 Re8 32. Kg2 Kf7 33. Kf3 Ke6 34. Ra3 g5 35. h3 h5 36. Ra2 Rg8 37.
Rh2 g4+ 38. hxg4 Rxg4 39. Rh4 Rg6 40. Bf8 Rg8 41. Bd6 Ra8 42. Rh2 Ra3+ 43. Kg2 Ra2+ 44.
Kh3 Rxh2+ 45. Kxh2 Nxe4 46. Bf8 Kf5 47. Kg2 Nc3 48.
Bh6 Ke4 49. Kf2 Kd3 50. Bg7 1-0

[Event "Late-Titled-Tuesday-Blitz-July-09-2024"]
[Site "Chess.com"]
[Date "2024.07.09"]
[Round "10"]
[White "Meri-Arabidze"]
[Black "K_A_S_T_O_R"]
[Result "0-1"]
[WhiteElo "2680"]
[BlackElo "2845"]
[TimeControl "180+1"]
[EndTime "15:54:34 PDT"]
[Termination "K_A_S_T_O_R won on time"]

1. Nf3 c5 2. c4 Nf6 3. Nc3 e6 4.
g3 b6 5. Bg2 Bb7 6. O-O a6 7.
Re1 d6 8. e4 Be7 9. d4 cxd4 10.
Nxd4 Qc7 11. b3 O-O 12. Bb2 Nbd7 13. Rc1 Rac8 14. f4 g6 15. h3 Rfe8 16. Kh2 e5 17. Nde2 exf4 18. gxf4 Bf8 19. Ng3 Bg7 20. Nd5 Qd8 21.
Qf3 Nxd5 22. Bxg7 Nxf4 23. Qxf4 Kxg7 24. Qxd6 Ne5 25. Qxd8 Rexd8 26. Red1 Kf6 27. Nf1 Ke7 28. Ne3 Rxd1 29. Rxd1 Rd8 30. Nd5+ Bxd5 31. exd5 Kd6 32. Kg3 f5 33. h4 h6 34. Kf4 Re8 35. Bf1 Ng4 36.
Bd3 Nf6 37. b4 Nh5+ 38. Kf3 Rf8 39. Bc2 g5 40. hxg5 hxg5 41. Rh1 g4+ 42. Kf2 Nf4 43.
Rh6+ Ke5 44. Rxb6 Rh8 45. d6 Rh2+ 46. Ke1 Ke6 47. d7+ Kxd7 48. Bxf5+ Kc7 49. Bxg4 Kxb6 50. c5+ Kb5 51. a3 Nd3+ 52. Kf1 Kc6 53. Bf3+ Kc7 54. Be2 Rf2+ 0-1

[Event "Late-Titled-Tuesday-Blitz-July-09-2024"]
[Site "Chess.com"]
[Date "2024.07.09"]
[Round "10"]
[White "TigrVShlyape"]
[Black "Aygehovit1992"]
[Result "1-0"]
[WhiteElo "2974"]
[BlackElo "2803"]
[TimeControl "180+1"]
[EndTime "15:54:35 PDT"]
[Termination "TigrVShlyape won on time"]

1. e4 c5 2. Nf3 e6 3. d4 cxd4 4.
Nxd4 Nc6 5. Nc3 Qc7 6. Be3 a6 7. Qf3 b5 8. Qg3 Qxg3 9. hxg3 Bb7 10. Nxc6 Bxc6 11. f3 Nf6 12. g4 d6 13. g5 Nd7 14.
a4 b4 15. Nb1 Be7 16. Nd2 O-O 17. Nb3 a5 18. Nd4 Bb7 19. O-O-O Nc5 20. b3 Rac8 21.
Kb1 f5 22. Bc4 d5 23. exd5 exd5 24. Bb5 f4 25. Bf2 Bxg5 26. Rhe1 Bf6 27. Nf5 Rc7 28. Nd6 Ba8 29. Ne8 Rc8 30. Nxf6+ Rxf6 31. Bd4 Rf7 32.
Re2 Nb7 33. Re6 Nd8 34. Ra6 Nb7 35. Re1 Rfc7 36. Re2 Kf7 37. Be5 Re7 38. Bxf4 Rxe2 39. Bxe2 Nc5 40. Rxa5 Ne6 41. Bd2 Nd4 42. Bd3 Nc6 43.
Rb5 Ke6 44. Bxb4 Nxb4 45. Rxb4 h5 46. Kb2 g5 47. Rb6+ Ke5 48. Rg6 Kf4 49. b4 h4 50.
b5 d4 51. a5 Rc5 52. a6 g4 53. Rxg4+ Ke3 54. Rxh4 1-0